[ AOE2 MATCH · #505258717 ]
UnrankedIncas vs Ethiopians
Player's team · LOSS
Rival team · WIN
[ REPLAY ANALYSIS · EXTRACTED FROM THE RECORDED GAME ]
Feudal
10:10
Castle
25:26
Imperial
—
| APM avg | 43.9 |
| APM peak | 72 |
| eAPM avg | 22.3 |
| Villagers / military | 75 / 103 |
Focus
⚔️ 54.4% · 🌾 45.6%
Skirmisher ×69 · Spearman ×26 · Unknown (2550) ×12 · Monk ×8
Feudal
8:56
Castle
23:41
Imperial
36:11
| APM avg | 54.7 |
| APM peak | 91 |
| eAPM avg | 22.5 |
| Villagers / military | 110 / 80 |
Focus
⚔️ 39.5% · 🌾 60.5%
Archer ×65 · Scout Cavalry ×7 · Knight ×4 · Mangonel ×4
Match map
Initial resources + every placement click. Lines = walls · curves = elevation contours. ◆ gold · ⬟ stone · ● berries · ✦ relic · ◌ wall gap
Your base· Open — unwalled flank
jakco's base· Open — 5t gap
Smoothed initial terrain · ◌ = detected wall gap · hover for details
Inputs per minute
— RaggedCone8628 - - jakco
Build order — RaggedCone8628
First 150 of 262 actions detected
| 0:00 | Queue | Villager (Male) |
| 0:01 | Queue | Villager (Male) |
| 0:02 | Build | House |
| 0:04 | Build | House |
| 0:22 | Queue | Villager (Male) |
| 0:36 | Queue | Villager (Male) |
| 1:35 | Queue | Villager (Male) |
| 2:04 | Queue | Villager (Male) |
| 2:07 | Build | Settlement |
| 2:24 | Queue | Villager (Male) |
| 2:48 | Queue | Villager (Male) |
| 3:02 | Queue | Villager (Male) |
| 3:33 | Queue | Villager (Male) |
| 3:52 | Queue | Villager (Male) |
| 4:26 | Queue | Villager (Male) |
| 4:56 | Queue | Villager (Male) |
| 5:05 | Build | Barracks |
| 5:18 | Queue | Villager (Male) |
| 5:45 | Queue | Villager (Male) |
| 6:05 | Queue | Unit 2550 |
| 6:05 | Queue | Unit 2550 |
| 6:08 | Build | Palisade Wall |
| 6:15 | Queue | Villager (Male) |
| 6:22 | Build | Palisade Wall |
| 6:32 | Queue | Villager (Male) |
| 6:54 | Queue | Villager (Male) |
| 7:16 | Research | Loom |
| 7:34 | Build | Palisade Wall |
| 7:39 | Build | Settlement |
| 8:00 | Research | Feudal Age |
| 8:53 | Build | Settlement |
| 9:05 | Queue | Unit 2550 |
| 9:33 | Queue | Unit 2550 |
| 9:49 | Queue | Villager (Male) |
| 10:10 | Age | Feudal Age |
| 10:12 | Build | Farm |
| 10:32 | Queue | Villager (Male) |
| 10:34 | Queue | Villager (Male) |
| 10:41 | Queue | Spearman |
| 10:51 | Build | Farm |
| 10:53 | Build | Farm |
| 10:54 | Build | Farm |
| 10:56 | Build | Farm |
| 11:01 | Research | Tech 1402 |
| 11:02 | Queue | Villager (Male) |
| 11:17 | Build | House |
| 11:18 | Build | House |
| 11:23 | Build | House |
| 11:25 | Build | Palisade Wall |
| 11:27 | Build | Palisade Wall |
| 11:28 | Build | Palisade Wall |
| 11:29 | Queue | Villager (Male) |
| 11:30 | Build | Palisade Wall |
| 11:32 | Build | Palisade Wall |
| 11:33 | Build | Palisade Wall |
| 11:43 | Research | Double-Bit Axe |
| 11:55 | Queue | Spearman |
| 12:17 | Queue | Villager (Male) |
| 12:18 | Queue | Spearman |
| 12:27 | Build | Farm |
| 12:41 | Queue | Spearman |
| 12:42 | Queue | Villager (Male) |
| 12:50 | Build | Farm |
| 12:52 | Build | Farm |
| 12:59 | Research | Arson |
| 13:17 | Queue | Villager (Male) |
| 13:27 | Queue | Spearman |
| 13:33 | Build | Farm |
| 13:36 | Build | Farm |
| 13:36 | Build | Farm |
| 13:38 | Queue | Villager (Male) |
| 13:54 | Queue | Villager (Male) |
| 13:58 | Queue | Villager (Male) |
| 14:14 | Queue | Unit 2550 |
| 14:19 | Build | Archery Range |
| 14:26 | Queue | Unit 2550 |
| 14:45 | Build | Farm |
| 14:53 | Queue | Spearman |
| 15:07 | Queue | Spearman |
| 15:07 | Queue | Villager (Male) |
| 15:12 | Queue | Villager (Male) |
| 15:18 | Queue | Skirmisher |
| 15:22 | Queue | Villager (Male) |
| 15:23 | Queue | Unit 2550 |
| 15:25 | Queue | Skirmisher |
| 15:36 | Queue | Villager (Male) |
| 15:45 | Queue | Unit 2550 |
| 16:01 | Build | Blacksmith |
| 16:10 | Build | Farm |
| 16:17 | Queue | Villager (Male) |
| 16:18 | Queue | Skirmisher |
| 16:28 | Queue | Skirmisher |
| 16:37 | Research | Fletching |
| 16:43 | Build | Farm |
| 16:45 | Build | Farm |
| 17:00 | Queue | Skirmisher |
| 17:02 | Queue | Villager (Male) |
| 17:15 | Queue | Skirmisher |
| 17:16 | Queue | Unit 2550 |
| 17:21 | Research | Padded Archer Armor |
| 17:33 | Queue | Unit 2550 |
| 17:34 | Queue | Villager (Male) |
| 17:50 | Queue | Spearman |
| 17:51 | Queue | Skirmisher |
| 17:52 | Queue | Villager (Male) |
| 17:56 | Build | Archery Range |
| 18:19 | Queue | Spearman |
| 18:23 | Queue | Villager (Male) |
| 18:26 | Queue | Spearman |
| 18:44 | Queue | Villager (Male) |
| 18:46 | Queue | Skirmisher |
| 18:50 | Research | Wheelbarrow |
| 18:56 | Build | Farm |
| 19:00 | Queue | Villager (Male) |
| 19:02 | Build | House |
| 19:04 | Build | House |
| 19:28 | Queue | Skirmisher |
| 19:29 | Queue | Skirmisher |
| 19:36 | Queue | Skirmisher |
| 19:41 | Queue | Spearman |
| 19:45 | Queue | Villager (Male) |
| 20:06 | Queue | Skirmisher |
| 20:06 | Queue | Skirmisher |
| 20:07 | Queue | Villager (Male) |
| 20:17 | Queue | Spearman |
| 20:32 | Queue | Villager (Male) |
| 21:24 | Build | Farm |
| 21:25 | Build | Farm |
| 21:35 | Build | Farm |
| 21:37 | Build | Farm |
| 21:40 | Build | Farm |
| 21:58 | Build | House |
| 22:19 | Build | House |
| 22:20 | Build | House |
| 22:22 | Build | House |
| 22:23 | Build | House |
| 22:33 | Build | Farm |
| 22:46 | Research | Castle Age |
| 22:59 | Queue | Skirmisher |
| 22:59 | Queue | Skirmisher |
| 23:13 | Research | Horse Collar |
| 23:22 | Queue | Unit 2550 |
| 23:23 | Queue | Unit 2550 |
| 23:24 | Queue | Skirmisher |
| 23:25 | Queue | Skirmisher |
| 23:41 | Research | Gold Mining |
| 23:53 | Build | Watch Tower |
| 23:56 | Build | House |
| 24:05 | Queue | Skirmisher |
| 24:07 | Queue | Skirmisher |
Build order — jakco
First 150 of 326 actions detected
| 0:01 | Queue | Villager (Male) |
| 0:01 | Queue | Villager (Male) |
| 0:01 | Queue | Villager (Male) |
| 0:02 | Build | House |
| 0:03 | Build | House |
| 0:12 | Queue | Villager (Male) |
| 0:12 | Queue | Villager (Male) |
| 1:25 | Queue | Villager (Male) |
| 1:25 | Queue | Villager (Male) |
| 1:57 | Build | Lumber Camp |
| 1:58 | Queue | Villager (Male) |
| 2:13 | Queue | Villager (Male) |
| 2:13 | Queue | Villager (Male) |
| 2:45 | Queue | Villager (Male) |
| 3:11 | Queue | Villager (Male) |
| 3:40 | Queue | Villager (Male) |
| 3:40 | Queue | Villager (Male) |
| 3:57 | Build | House |
| 3:58 | Build | House |
| 4:03 | Queue | Villager (Male) |
| 4:03 | Queue | Villager (Male) |
| 4:34 | Queue | Villager (Male) |
| 4:49 | Queue | Villager (Male) |
| 4:57 | Build | Mill |
| 5:22 | Queue | Villager (Male) |
| 5:48 | Queue | Villager (Male) |
| 5:49 | Research | Loom |
| 6:46 | Research | Feudal Age |
| 6:46 | Research | Feudal Age |
| 7:55 | Build | Barracks |
| 8:26 | Build | Palisade Wall |
| 8:28 | Build | Palisade Wall |
| 8:29 | Build | Palisade Wall |
| 8:30 | Build | Palisade Wall |
| 8:33 | Build | Palisade Wall |
| 8:34 | Build | Palisade Wall |
| 8:35 | Build | Palisade Wall |
| 8:36 | Build | Palisade Wall |
| 8:45 | Queue | Villager (Male) |
| 8:56 | Age | Feudal Age |
| 9:09 | Build | Stable |
| 9:19 | Queue | Villager (Male) |
| 9:30 | Build | Palisade Wall |
| 9:37 | Queue | Villager (Male) |
| 9:43 | Research | Double-Bit Axe |
| 9:43 | Research | Double-Bit Axe |
| 9:50 | Queue | Scout Cavalry |
| 9:56 | Build | House |
| 9:57 | Build | Palisade Wall |
| 10:00 | Queue | Scout Cavalry |
| 10:01 | Queue | Villager (Male) |
| 10:04 | Build | House |
| 10:05 | Build | Palisade Wall |
| 10:13 | Queue | Villager (Male) |
| 10:23 | Queue | Scout Cavalry |
| 10:36 | Queue | Scout Cavalry |
| 10:54 | Queue | Villager (Male) |
| 10:56 | Build | Archery Range |
| 11:19 | Queue | Villager (Male) |
| 11:32 | Build | Farm |
| 11:34 | Build | Farm |
| 11:41 | Build | Palisade Wall |
| 11:45 | Queue | Villager (Male) |
| 11:57 | Build | House |
| 11:59 | Build | Palisade Wall |
| 12:00 | Build | Palisade Wall |
| 12:03 | Queue | Archer |
| 12:10 | Queue | Archer |
| 12:11 | Queue | Villager (Male) |
| 12:24 | Build | Mining Camp |
| 12:31 | Queue | Villager (Male) |
| 12:36 | Queue | Archer |
| 12:40 | Queue | Villager (Male) |
| 12:49 | Build | Blacksmith |
| 12:51 | Build | Palisade Wall |
| 13:05 | Queue | Villager (Male) |
| 13:11 | Build | Farm |
| 13:14 | Build | Farm |
| 13:28 | Queue | Archer |
| 13:28 | Queue | Villager (Male) |
| 13:32 | Research | Fletching |
| 14:01 | Queue | Villager (Male) |
| 14:13 | Build | House |
| 14:15 | Queue | Archer |
| 14:18 | Build | Farm |
| 14:19 | Build | Farm |
| 14:21 | Build | Farm |
| 14:22 | Build | Farm |
| 14:30 | Build | House |
| 14:36 | Queue | Villager (Male) |
| 14:37 | Queue | Archer |
| 14:43 | Queue | Scout Cavalry |
| 14:46 | Queue | Villager (Male) |
| 14:49 | Build | Farm |
| 15:24 | Queue | Archer |
| 15:26 | Queue | Villager (Male) |
| 15:28 | Build | Farm |
| 15:29 | Build | Farm |
| 16:02 | Queue | Villager (Male) |
| 16:22 | Queue | Archer |
| 16:23 | Queue | Scout Cavalry |
| 16:24 | Queue | Villager (Male) |
| 16:30 | Build | Archery Range |
| 16:36 | Queue | Archer |
| 16:37 | Queue | Scout Cavalry |
| 16:40 | Build | House |
| 16:43 | Build | House |
| 16:45 | Build | Palisade Wall |
| 17:04 | Queue | Villager (Male) |
| 17:08 | Build | Farm |
| 17:09 | Build | Farm |
| 17:24 | Queue | Archer |
| 17:24 | Queue | Archer |
| 17:48 | Queue | Archer |
| 17:48 | Queue | Archer |
| 17:53 | Build | Lumber Camp |
| 17:59 | Queue | Villager (Male) |
| 18:29 | Queue | Villager (Male) |
| 18:42 | Queue | Villager (Male) |
| 18:44 | Build | Farm |
| 18:46 | Build | Farm |
| 18:46 | Research | Horse Collar |
| 18:55 | Queue | Villager (Male) |
| 19:03 | Queue | Archer |
| 19:04 | Queue | Archer |
| 19:07 | Build | House |
| 19:41 | Queue | Villager (Male) |
| 19:46 | Queue | Archer |
| 19:46 | Queue | Archer |
| 20:18 | Queue | Archer |
| 20:19 | Queue | Archer |
| 20:20 | Queue | Villager (Male) |
| 20:27 | Queue | Archer |
| 20:32 | Build | Farm |
| 20:32 | Build | Farm |
| 20:33 | Build | Farm |
| 20:33 | Build | Farm |
| 20:33 | Build | Farm |
| 21:01 | Research | Castle Age |
| 21:01 | Research | Castle Age |
| 21:03 | Queue | Archer |
| 21:03 | Queue | Archer |
| 21:15 | Queue | Archer |
| 21:15 | Queue | Archer |
| 21:18 | Queue | Archer |
| 21:20 | Queue | Villager (Male) |
| 21:23 | Build | Farm |
| 21:27 | Build | Farm |
| 21:31 | Queue | Villager (Male) |
| 21:36 | Queue | Archer |
Match timeline
| 5:05 | RaggedCone8628 · first_building Barracks |
| 6:08 | RaggedCone8628 · wall_segment Palisade Wall x9 |
| 6:22 | RaggedCone8628 · wall_segment Palisade Wall x1 |
| 7:34 | RaggedCone8628 · wall_segment Palisade Wall x8 |
| 7:55 | jakco · first_building Barracks |
| 8:26 | jakco · wall_segment Palisade Wall x1 |
| 8:28 | jakco · wall_segment Palisade Wall x1 |
| 8:29 | jakco · wall_segment Palisade Wall x1 |
| 8:30 | jakco · wall_segment Palisade Wall x1 |
| 8:33 | jakco · wall_segment Palisade Wall x1 |
| 8:34 | jakco · wall_segment Palisade Wall x1 |
| 8:35 | jakco · wall_segment Palisade Wall x1 |
| 8:36 | jakco · wall_segment Palisade Wall x1 |
| 8:56 | jakco · age_up feudal |
| 9:09 | jakco · first_building Stable |
| 9:30 | jakco · wall_segment Palisade Wall x1 |
| 9:57 | jakco · wall_segment Palisade Wall x2 |
| 10:05 | jakco · wall_segment Palisade Wall x1 |
| 10:10 | RaggedCone8628 · age_up feudal |
| 10:56 | jakco · first_building Archery Range |
| 11:25 | RaggedCone8628 · wall_segment Palisade Wall x1 |
| 11:27 | RaggedCone8628 · wall_segment Palisade Wall x4 |
| 11:28 | RaggedCone8628 · wall_segment Palisade Wall x1 |
| 11:30 | RaggedCone8628 · wall_segment Palisade Wall x1 |
| 11:32 | RaggedCone8628 · wall_segment Palisade Wall x3 |
| 11:33 | RaggedCone8628 · wall_segment Palisade Wall x1 |
| 11:41 | jakco · wall_segment Palisade Wall x1 |
| 11:59 | jakco · wall_segment Palisade Wall x7 |
| 12:00 | jakco · wall_segment Palisade Wall x1 |
| 12:51 | jakco · wall_segment Palisade Wall x1 |
| 14:19 | RaggedCone8628 · first_building Archery Range |
| 16:45 | jakco · wall_segment Palisade Wall x3 |
| 21:59 | jakco · wall_segment Palisade Wall x1 |
| 21:59 | jakco · wall_segment Palisade Wall x1 |
| 22:00 | jakco · wall_segment Palisade Wall x1 |
| 22:01 | jakco · wall_segment Palisade Wall x1 |
| 22:05 | jakco · wall_segment Palisade Wall x1 |
| 22:06 | jakco · wall_segment Palisade Wall x1 |
| 23:41 | jakco · age_up castle |
| 24:16 | RaggedCone8628 · wall_segment Palisade Wall x1 |
| 25:26 | RaggedCone8628 · age_up castle |
| 27:04 | RaggedCone8628 · first_building Monastery |
| 29:38 | jakco · first_building Siege Workshop |
| 34:32 | RaggedCone8628 · first_market_buy 100 stone |
| 34:52 | jakco · first_building Castle |
| 36:04 | jakco · first_market_sell 100 food |
| 36:11 | jakco · age_up imperial |
| 36:19 | RaggedCone8628 · resign |
[ AI ANALYSIS · 1 CREDIT ]
What really happened in this match?
Wolo.gg analyzes every decision: build order, eco, micro, common mistakes by bracket. Personalized analysis on WhatsApp or Discord in 30 seconds.
Civ guide
Incas
Perfil
Jugador #23079294